 Dungeon Sprint DCSS version 0.27-a0-1084-g78b3836a5f (webtiles) character file.

Game seed: 14658067783434093365

1334 mhtbhm the Arsonist (level 8, 0/41 HPs)
             Began as a Deep Elf Fire Elementalist on Apr 26, 2021.
             Was a Priest of Vehumet.
             Shot with a bolt by a yaktaur (26 damage)
             ... in the Dungeon (Sprint V: "Ziggurat Sprint").
             The game lasted 00:02:14 (260 turns).

mhtbhm the Arsonist (Deep Elf Fire Elementalist)     Turns: 260, Time: 00:02:15

Health: 0/41       AC:  5    Str:  5    XL:     8   Next: 35%
Magic:  19/24      EV: 16    Int: 35    God:    Vehumet [***...]
Gold:   0          SH:  0    Dex: 15    Spells: 4/28 levels left

rFire    + . .     SeeInvis .   C - +8 lance "Wyrmbane" {slay drac, rPois rF+ rC+ AC+3}
rCold    + . .     Faith    .   (no shield)
rNeg     . . .     Spirit   .   a - +0 robe
rPois    +         Reflect  .   (no helmet)
rElec    .         Harm     .   (no cloak)
rCorr    .         Rampage  .   (no gloves)
Will     .....     NoTele   +   (no boots)
Stlth    ++++......             (no amulet)
HPRegen  0.13/turn              u - +6 ring of intelligence
MPRegen  0.19/turn              v - +6 ring of intelligence

@: no status effects
A: no striking features
a: Renounce Religion


You were in the Dungeon.
You worshipped Vehumet.
Vehumet was most pleased with you.
You visited 1 branch

Inventory:

Hand Weapons
 C - the +8 lance "Wyrmbane" (weapon) {slay drac, rPois rF+ rC+ AC+3}
   (You found it in the Dungeon)

   It affects your AC (+3).
   It protects you from fire.
   It protects you from cold.
   It protects you from poison.
Armour
 a - a +0 robe (worn)
Jewellery
 u - a +6 ring of intelligence (left hand)
 v - a +6 ring of intelligence (right hand)
Wands
 y - a wand of mindburst (2)
 A - a wand of acid (7)
Scrolls
 h - 4 scrolls of blinking
 m - 4 scrolls of amnesia
 n - 7 scrolls of fog
 o - a scroll of holy word
 p - 5 scrolls of identify
Potions
 b - 2 potions of brilliance
 c - 10 potions of curing
 d - 9 potions of heal wounds
 e - 6 potions of haste
 f - 7 potions of magic
 g - 3 potions of berserk rage
 i - 2 potions of invisibility
 j - 4 potions of resistance
 k - a potion of experience
 l - 5 potions of might
Miscellaneous
 B - a lightning rod (4/4)


   Skills:
 + Level 8.0 Dodging
 - Level 7.7 Stealth
 + Level 10.6 Spellcasting
 + Level 2.4 Conjurations
 + Level 14.0 Fire Magic
 + Level 6.7 Evocations


You had 4 spell levels left.
You knew the following spells:

 Your Spells              Type           Power      Damage    Failure   Level
a - Foxfire               Conj/Fire      100%       2x1d9     1%          1
b - Conjure Flame         Conj/Fire      66%        6-21      1%          3
c - Inner Flame           Hex/Fire       61%        N/A       1%          3
d - Sticky Flame          Conj/Fire      66%        2d8       1%          4
e - Fireball              Conj/Fire      33%        3d14      1%          5
f - Ignition              Fire           43%        3d12      13%         8

Your spell library contained the following spells:

 Spells                   Type           Power      Damage    Failure   Level
 Magic Dart               Conj           100%       1d8       1%          1
 Petrify                  Tmut/Erth      18%        N/A       24%         4
 Bolt of Magma            Conj/Fire/Erth 27%        4d13      1%          5


Dungeon Overview and Level Annotations

Branches:
Dungeon (1/1)

Altars:
Ashenzari
Cheibriados
Dithmenos
Elyvilon
Fedhas
Gozag
Hepliaklqana
Kikubaaqudgha
Makhleb
Nemelex Xobeh
Okawaru
Qazlal
Ru
Sif Muna
Trog
Uskayaw
Vehumet
Wu Jian
Xom
Yredelemnul
Zin
The Shining One
Beogh
Jiyva
Lugonu

Annotations:
D 1 transporter


Message History

The centaur picks up a +1 dagger of speed.
The centaur wields a +1 dagger of speed.
The centaur picks up a +1 dagger of draining.
The centaur wields a +1 dagger of draining.
You sense an unholy aura.
The yaktaur wields a +0 arbalest.
The yaktaur shoots a bolt.
The bolt hits you!!
Ouch! That really hurt!
Found a tin of tremorstones (2/2) and a ring of poison resistance.
Found a transporter.
Casting: Fireball (quite dangerous; 2% risk of failure)
Confirm with . or Enter, or press ? or * to list all spells.
Okay, then.
Unknown command.
Okay, then.
Casting: Fireball (quite dangerous; 2% risk of failure)
Confirm with . or Enter, or press ? or * to list all spells.
Okay, then.
You feel much better.
The centaur wields a +0 shortbow.
The centaur shoots an arrow.
The arrow misses you.
The centaur unwields a +1 dagger of speed.
The centaur wields a +0 shortbow.
The centaur shoots an arrow.
The arrow hits you.
The centaur shoots an arrow.
The arrow closely misses you.
Unknown command.
Okay, then.
Casting: Fireball (quite dangerous; 2% risk of failure)
Confirm with . or Enter, or press ? or * to list all spells.
The spell is quite dangerous to cast (2% risk of failure)!
Continue anyway?
Aiming: Fireball (quite dangerous; 2% risk of failure)
Press: ? - help, Shift-Dir - straight line, f - yaktaur
Aim: a yaktaur, wielding a +0 arbalest and quivering bolts The fireball explodes!
The fireball engulfs the yaktaur!!
The yaktaur is heavily wounded.
The fireball engulfs the centaur!!
You kill the centaur!
Vehumet accepts your kill.
Vehumet is now aiding your destructive spells.
The centaur shoots an arrow.
The arrow closely misses you.
The yaktaur shoots a bolt.
The bolt hits you!!
Ouch! That really hurt!
You die...

▓..©..▓..©..▓▓▓▓▓▓▓
▓▓▓▓▓▓▓▓▓▓▓▓▓▓
▓..8©8...▓
▓...=c...▓
▓..)c....▓
▓...c....▓
........▓
▓.▓....▓.▓
▓...@....▓
▓▓▓▓▓▓▓▓▓▓


You could see a yaktaur and 2 centaurs.

Vanquished Creatures
  3 draconians (D)
  2 water moccasins (D)
  A centaur (D)
  An adder (D)
  3 ball pythons (D)
10 creatures vanquished.

Notes
Turn   | Place    | Note
-------+----------+-------------------------------------------
     0 | D        | mhtbhm the Deep Elf Fire Elementalist began the quest for
                  | the Orb.
     0 | D        | Reached XP level 1. HP: 10/10 MP: 6/6
     0 | D        | Found a shimmering blue altar of Sif Muna.
     0 | D        | Found a bloodstained altar of Trog.
     0 | D        | Found a sacrificial altar of Ru.
     0 | D        | Found a stormy altar of Qazlal.
     0 | D        | Found an iron altar of Okawaru.
     1 | D        | Found a sparkling altar of Nemelex Xobeh.
     1 | D        | Found a blossoming altar of Fedhas.
     2 | D        | Found the +6 Majin-Bo {vamp, MP+6 Int+6}
     2 | D        | Found the +9 heavy crossbow "Sniper" {vorpal, Acc+∞ SInv}
     2 | D        | Found the +10 dark maul {vorpal}
     2 | D        | Found the +15 Maxwell's patent armour {-Cast -Tele rElec
                  | Will+ rCorr}
     2 | D        | Found the +18 shield of the Gong {rElec rN+ Will+ EV-5}
     2 | D        | Found the +14 obsidian axe {vorpal, Drain Fly SInv}
     2 | D        | Found the +7 great mace "Firestarter" {inner flame, rF++}
     2 | D        | Found the +6 shillelagh "Devastator" {shatter}
     2 | D        | Found the +11 plutonium sword {Contam Stlth-}
     2 | D        | Found the +8 lance "Wyrmbane" {slay drac, rPois rF+ rC+
                  | AC+3}
     2 | D        | Found the +9 sword of Zonguldrok {reap}
     2 | D        | Found the +13 scythe of Curses {drain, Drain}
     2 | D        | Found the +5 sword of Power {vorpal}
     2 | D        | Found the +7 mace of Variability {chain chaos}
     2 | D        | Found the +7 Singing Sword {vorpal, sonic wave}
     2 | D        | Found the +8 storm bow {elec, penet}
     3 | D        | Found a transporter.
     3 | D        | Found an ancient bone altar of Kikubaaqudgha.
     3 | D        | Found a viscous altar of Jiyva.
     3 | D        | Found a corrupted altar of Lugonu.
     3 | D        | Found a hazy altar of Hepliaklqana.
     3 | D        | Found a burning altar of Makhleb.
     3 | D        | Found an opulent altar of Gozag.
    37 | D        | Became a worshipper of Vehumet
    59 | D        | Entered arena 2.
    59 | D        | Noticed a water moccasin
    59 | D        | Found a transporter.
    61 | D        | Killed a water moccasin
    62 | D        | Reached skill level 5 in Spellcasting
    62 | D        | Reached skill level 7 in Fire Magic
    62 | D        | Reached XP level 2. HP: 15/15 MP: 6/10
    62 | D        | Reached XP level 3. HP: 19/19 MP: 7/12
    62 | D        | Reached XP level 4. HP: 24/24 MP: 7/13
   124 | D        | Learned a level 3 spell: Conjure Flame
   128 | D        | Learned a level 3 spell: Inner Flame
   133 | D        | Learned a level 4 spell: Sticky Flame
   133 | D        | Entered arena 3.
   133 | D        | Noticed a draconian
   133 | D        | Noticed a draconian
   133 | D        | Noticed a draconian
   133 | D        | Found a transporter.
   134 | D        | Identified the ring "Leuvisch" {rCorr Str+6}
   151 | D        | Killed a draconian
   151 | D        | Reached * piety under Vehumet
   151 | D        | Offered knowledge of Magic Dart by Vehumet.
   152 | D        | Reached skill level 11 in Fire Magic
   152 | D        | Reached XP level 5. HP: 28/28 MP: 15/18
   152 | D        | Reached XP level 6. HP: 32/32 MP: 15/19
   154 | D        | Killed a draconian
   155 | D        | Reached skill level 13 in Fire Magic
   155 | D        | Reached skill level 5 in Evocations
   155 | D        | Reached XP level 7. HP: 36/36 MP: 16/22
   158 | D        | Killed a draconian
   159 | D        | Reached skill level 10 in Spellcasting
   159 | D        | Reached XP level 8. HP: 41/41 MP: 18/24
   164 | D        | Got the Grimoire of Shape Shifting and Ignition
   198 | D        | Learned a level 5 spell: Fireball
   207 | D        | Learned a level 8 spell: Ignition
   208 | D        | Entered arena 4.
   208 | D        | Found a transporter.
   209 | D        | Reached ** piety under Vehumet
   212 | D        | Reached skill level 14 in Fire Magic
   218 | D        | Got the ring of Ungineq {*Corrode rElec rF+ Str+6}
   258 | D        | Entered arena 5.
   258 | D        | Noticed a yaktaur
   258 | D        | Found a transporter.
   260 | D        | Reached *** piety under Vehumet
   260 | D        | Shot with a bolt by a yaktaur

Illustrated notes

Levels and vault maps discovered:
D:        sprint_v [room_start, room_1, room_2, room_3, room_4, room_5, room_6,
          room_7, room_8, room_9, room_10, room_11, room_12, room_13, room_14,
          room_15, room_16, room_17, room_18, room_19, room_20, room_21,
          room_22, room_23, room_24, room_25, room_26, room_27]

Skill      XL: |  1  2  3  4  5  6  7  8 |
---------------+-------------------------+-----
Dodging        | 4 6 7 8 |  8.0
Stealth        | 4 6 7 |  7.7
Spellcasting   | 5 8 9 10 | 10.6
Fire Magic     | 7 11 13 14 | 14.0
Conjurations   | 2 |  2.4
Evocations     | 4 5 6 |  6.7

Action                   |  1- 3 |  4- 6 |  7- 9 || total
-------------------------+-------+-------+-------++-------
 Cast: Fireball          |       |       |     3 ||     3
Evoke: Wand              |     1 |    11 |       ||    12
       Lightning rod     |     1 |     2 |     4 ||     7
  Use: Scroll            |       |     2 |       ||     2
       Potion            |       |       |     1 ||     1
Dodge: Dodged            |       |     1 |     3 ||     4

Table legend: (Time is in decaauts)
 A = Elapsed time spent in this place.
 B = Non-inter-level travel time spent in this place.
 C = Inter-level travel time spent in this place.
 D = Time resting spent in this place.
 E = Time spent auto-exploring this place.
 F = Levels seen in this place.
 G = Mean time per level.
                   A        B        C        D        E       F      G
               +--------+--------+--------+--------+--------+-----+--------+
         Total |    258 |    258 |      0 |     88 |      0 |   1 |  258.0 |
       Dungeon |    258 |    258 |      0 |     88 |      0 |   1 |  258.0 |
               +--------+--------+--------+--------+--------+-----+--------+

Top non-repeatable levels by time:
       D: 258 daAuts
